 Dungeon Crawl Stone Soup version 0.24-a0-417-g1cce26a4d2 (webtiles) character file.

Game seed: 15626172702706523853

7653 Ashenai the Protected (level 10, -1/97 HPs)
             Began as a Minotaur Berserker on June 11, 2019.
             Was a High Priest of Trog.
             Slain by an eight-headed hydra (2 damage)
             ... on level 7 of the Dungeon.
             The game lasted 00:29:49 (5221 turns).

Ashenai the Protected (Minotaur Berserker)          Turns: 5221, Time: 00:29:50

Health: -1/97      AC: 19    Str: 29    XL:     10   Next: 99%
Magic:  9/9        EV: 14    Int:  9    God:    Trog [*****.]
Gold:   297        SH:  0    Dex: 11    Spells: 9/9 levels left

rFire    + . .     SeeInvis .   T - +8 flail "Tublit" {venom, rPois rF+ rC+ Dex-5}
rCold    + . .     Gourm    .   (no shield)
rNeg     . . .     Faith    .   l - +0 plate armour
rPois    +         Spirit   .   (helmet restricted)
rElec    .         Reflect  .   C - +0 cloak
rCorr    .         Harm     .   V - +0 pair of gloves
MR       .....                  (no boots)
Stlth    ..........             (no amulet)
HPRegen  0.26/turn              (no ring)
MPRegen  0.11/turn              (no ring)

@: mighty, brilliant, agile, about to teleport, berserk cooldown, slowed,
studying Crossbows, very slow
A: retaliatory headbutt, horns 2
a: Berserk, Trog's Hand, Brothers in Arms, Renounce Religion


You were on level 7 of the Dungeon.
You worshipped Trog.
Trog was extremely pleased with you.
You were very hungry.

You visited 2 branches of the dungeon, and saw 8 of its levels.
You also visited: Sewer.

You collected 297 gold pieces.

Inventory:

Hand Weapons
 T - the +8 flail "Tublit" (weapon) {venom, rPois rF+ rC+ Dex-5}
   (You found it on level 5 of the Dungeon)

   It poisons the flesh of those it strikes.
   It affects your dexterity (-5).
   It protects you from fire.
   It protects you from cold.
   It protects you from poison.
Missiles
 Q - 8 silver javelins (quivered)
Armour
 l - a +0 plate armour (worn)
 C - a +0 cloak (worn)
 R - a +0 ring mail
 V - a +0 pair of gloves (worn)
Wands
 k - a wand of iceblast (18)
 n - a wand of acid (9)
 X - a wand of enslavement (8)
Scrolls
 e - 2 scrolls of enchant weapon
 f - 2 scrolls of enchant armour {unknown}
 v - 2 scrolls of noise {unknown}
 y - 3 scrolls of remove curse {unknown}
 z - a scroll of blinking {unknown}
 E - 2 scrolls of identify {unknown}
 G - 4 scrolls of teleportation
 K - 3 scrolls of immolation {unknown}
Potions
 d - 3 potions of curing
 m - a potion of lignification {unknown}
 p - a potion of degeneration {unknown}
 t - 2 potions of mutation {unknown}
 w - 3 potions of agility
 x - 2 potions of resistance {unknown}
 A - 2 potions of brilliance
 B - 5 potions of might
 D - 2 potions of heal wounds
 S - a potion of ambrosia {unknown}
 Y - a potion of haste {unknown}
Books
 q - a manual of Crossbows
Comestibles
 c - 13 rations


   Skills:
 * Level 11.6 Fighting
   Level 8.2(10.1) Axes
 + Level 9.3(10.6) Maces & Flails
 * Level 13.1 Armour
 - Level 2.1 Dodging


You had 9 spell levels left.
You didn't know any spells.
Your spell library contained the following spells:

 Spells                   Type           Power        Failure   Level  Hunger
 Beastly Appendage        Tmut           #.....       26%         1    ##.....
 Corona                   Hex            #......      26%         1    ##.....
 Slow                     Hex            #.......     34%         2    ###....
 Sticks to Snakes         Tmut           #.......     34%         2    ###....
 Inner Flame              Hex/Fire       #.......     54%         3    ####...
 Portal Projectile        Hex/Tloc       #.....       54%         3    ####...
 Spider Form              Tmut/Pois      #.........   54%         3    ####...
 Cause Fear               Hex            #.........   88%         4    #####..
 Ice Form                 Ice/Tmut       #.......     88%         4    #####..
 Leda's Liquefaction      Hex/Erth       #.........   88%         4    #####..
 Blade Hands              Tmut           #.........   99%         5    ######.


Dungeon Overview and Level Annotations

Branches:
Dungeon (7/15)             Temple (1/1) D:4

Altars:
Ashenzari
Cheibriados
Dithmenos
Elyvilon
Fedhas
Gozag
Hepliaklqana
Kikubaaqudgha
Makhleb
Nemelex Xobeh
Okawaru
Qazlal
Ru
Sif Muna
Trog
Uskayaw
Vehumet
Wu Jian
Xom
Yredelemnul
Zin
The Shining One


Innate Abilities, Weirdness & Mutations

You reflexively headbutt those who attack you in melee.
You have a pair of horns on your head.


Message History

You kill the hound!
Trog accepts your kill.
The eight-headed hydra bites you but does no damage. x3
The eight-headed hydra barely misses you.
The eight-headed hydra closely misses you.
The eight-headed hydra bites you but does no damage. x3
The sky beast flickers out of sight!
Deactivating autopickup; reactivate with Ctrl-A.
Unknown command.
You closely miss the sky beast. The eight-headed hydra bites you.
* * * LOW HITPOINT WARNING * * *
The eight-headed hydra bites you.
* * * LOW HITPOINT WARNING * * *
The eight-headed hydra barely misses you.
The eight-headed hydra bites you but does no damage. x2
The eight-headed hydra closely misses you.
The eight-headed hydra bites you.
* * * LOW HITPOINT WARNING * * *
The eight-headed hydra misses you. The eight-headed hydra bites you.
You die...

.
####<..........#
#.###.......##
#...>....####..#
##.......#
.........†....#
##.......
........###.####
########
###...#.#.....#
# #...#.#.##†)##
# #...#.#.
##.(## # #.. #.#
#..#.## #
.....#Y@# #
###.####[D# # #.
##Z.# # .#


#TlZ .# ##.# .# ..) }.# .. You could see an eight-headed hydra, a troll, a sky
beast, an iguana, a bullfrog zombie and a hound skeleton.

Vanquished Creatures
  A two-headed ogre (D:7)
  A cyclops (D:7)
  A troll (D:7)
  Grinder (D:6)
  Prince Ribbit (D:6)
  A hippogriff (D:7)
  A yak (D:7)
  Eustachio (D:6)
  Duvessa (D:6)
  A sky beast (D:6)
  3 ice beasts
  2 phantoms (D:6)
  6 ogres
  2 centaurs (D:5)
  3 big kobolds (Sewer)
  2 wyvern zombies (D:6)
  A scorpion (D:5)
  Dowan (D:6)
  A killer bee (D:5)
  3 howler monkeys
  3 crimson imps
  A jelly (D:6)
  Crazy Yiuf (D:5)
  A hound (D:7)
  An orc priest (D:4)
  4 iguanas
  9 orc wizards
  3 worker ants (D:5)
  A hound zombie (D:7)
  A worker ant zombie (D:5)
  5 adders
  5 gnolls
  An ooze (D:2)
  An adder zombie (D:5)
  3 worms
  A dart slug (D:1)
  7 leopard geckos
  16 orcs
  5 ball pythons
  5 bats
  5 giant cockroaches
  7 goblins
  2 hobgoblins
  6 jackals
  A quokka (D:7)
  8 frilled lizards
  16 kobolds
  9 rats
  2 plants (Sewer)
164 creatures vanquished.

Notes
Turn   | Place    | Note
-------+----------+-------------------------------------------
     0 | D:1      | Ashenai the Minotaur Berserker began the quest for the Orb.
     0 | D:1      | Reached XP level 1. HP: 19/19 MP: 0/0
   144 | D:1      | Reached XP level 2. HP: 10/27 MP: 1/1
   577 | D:1      | Reached XP level 3. HP: 33/33 MP: 2/2
   582 | D:1      | Reached ** piety under Trog
  1081 | D:2      | Reached skill level 3 in Armour
  1918 | D:3      | Reached XP level 4. HP: 41/41 MP: 3/3
  1948 | D:3      | Reached skill level 5 in Axes
  1948 | D:3      | Reached skill level 4 in Armour
  2048 | D:3      | Noticed an ogre
  2059 | D:3      | Killed an ogre
  2059 | D:3      | Reached skill level 5 in Fighting
  2059 | D:3      | Reached XP level 5. HP: 41/48 MP: 4/4
  2330 | D:4      | Found a burning altar of Makhleb.
  2361 | D:4      | Reached *** piety under Trog
  2390 | D:4      | Noticed an ogre
  2395 | D:4      | Killed an ogre
  2395 | D:4      | Reached skill level 5 in Armour
  2395 | D:4      | Reached XP level 6. HP: 43/56 MP: 5/5
  2400 | D:4      | Found a staircase to the Ecumenical Temple.
  2435 | D:4      | Found an ancient bone altar of Kikubaaqudgha.
  2436 | D:4      | Found an opulent altar of Gozag.
  2439 | D:4      | Found a hide-covered altar of Uskayaw.
  2439 | D:4      | Found a glowing golden altar of the Shining One.
  2505 | D:4      | Found a glowing drain.
  2521 | Sewer    | Entered a sewer
  2792 | Sewer    | Reached skill level 6 in Armour
  2792 | Sewer    | Reached XP level 7. HP: 61/61 MP: 6/6
  2977 | D:4      | Found an opulent altar of Gozag.
  3409 | Temple   | Entered the Ecumenical Temple
  3573 | D:5      | Entered Level 5 of the Dungeon
  3582 | D:5      | Reached **** piety under Trog
  3589 | D:5      | Reached skill level 7 in Armour
  3712 | D:5      | Reached XP level 8. HP: 28/70 MP: 7/7
  3717 | D:5      | Received a gift from Trog
  3765 | D:5      | Got a twisted flail
  3766 | D:5      | Identified the +8 flail "Tublit" {venom, rPois rF+ rC+
                  | Dex-5} (You found it on level 5 of the Dungeon)
  3825 | D:5      | Reached skill level 8 in Armour
  3937 | D:5      | Reached skill level 1 in Maces & Flails
  4200 | D:5      | Found a runed translucent door.
  4201 | D:5      | Noticed Crazy Yiuf
  4212 | D:5      | Killed Crazy Yiuf
  4212 | D:5      | Reached skill level 9 in Armour
  4290 | D:6      | Noticed Grinder
  4293 | D:6      | Paralysed by Grinder for 3 turns
  4300 | D:6      | Killed Grinder
  4444 | D:6      | Noticed Dowan
  4447 | D:6      | Noticed Duvessa
  4449 | D:6      | Reached XP level 9. HP: 75/79 MP: 8/8
  4453 | D:6      | Killed Dowan
  4461 | D:6      | Killed Duvessa
  4484 | D:6      | Noticed Eustachio
  4498 | D:6      | Killed Eustachio
  4498 | D:6      | Reached skill level 5 in Maces & Flails
  4498 | D:6      | Reached skill level 10 in Armour
  4617 | D:6      | Noticed Prince Ribbit
  4630 | D:6      | Killed Prince Ribbit
  4817 | D:6      | Reached skill level 12 in Armour
  4817 | D:6      | Reached XP level 10. HP: 96/96 MP: 9/9
  4847 | D:6      | Found a hazy altar of Hepliaklqana.
  5185 | D:7      | Noticed a two-headed ogre
  5191 | D:7      | Killed a two-headed ogre
  5196 | D:7      | Noticed a cyclops
  5203 | D:7      | Reached skill level 13 in Armour
  5209 | D:7      | Killed a cyclops
  5210 | D:7      | Noticed an eight-headed hydra
  5219 | D:7      | Reached ***** piety under Trog
  5221 | D:7      | HP: 1/97 [eight-headed hydra (5)]
  5221 | D:7      | Slain by an eight-headed hydra

Levels and vault maps discovered:
D:1:      saegor_arrival_miasma, layout_basic
D:2:      layout_loops_ring, minmay_misc_feat_rows, serial_park_tiny_1,
          kennysheep_doodads
D:3:      layout_loops_cross, first_ration, kennysheep_potato
D:4:      layout_basic, nicolae_overflow_crystal_walls,
          grunt_temple_overflow_open, minmay_temple_entry_ruins,
          portal_sewer_entry_f, grunt_gozag_breadcrumbs
D:5:      layout_cave_pools, hangedman_decor_peaks_small,
          minmay_manual_monolith, uniq_crazy_yiuf_cottage
D:6:      layout_cave_pods, lemuel_coloured_pillars_altar, uniq_grinder,
          uniq_eustachio, uniq_prince_ribbit1, uniq_duvessa
D:7:      minmay_the_grid_octo_tiled_squarecenter
          [minmay_the_grid_octo_pinwheel, minmay_the_grid_octo_horde,
          minmay_the_grid_octo_77, minmay_the_grid_octo_checkered,
          minmay_the_grid_square_5x5_megaprize_open,
          minmay_the_grid_square_5x5_dogpile, minmay_the_grid_square_5x5_tie,
          minmay_the_grid_square_5x5_comb,
          minmay_the_grid_square_5x5_pentomino_r], layout_layer_cave
Temple:   compressed_dpeg_circular_temple

Skill      XL: |  1  2  3  4  5  6  7  8  9 10 |
---------------+-------------------------------+-----
Fighting       | 4 5 7 11 | 11.6
Axes           | 4 5 6 7 8 |  8.2
Armour         | 3 4 5 6 7 9 12 13 | 13.1
Maces & Flails | 3 8 9 |  9.3
Dodging        | |  2.1

Action                   |  1- 3 |  4- 6 |  7- 9 | 10-12 || total
-------------------------+-------+-------+-------+-------++-------
Melee: Hand axe          |    91 |   139 |    92 |       ||   322
       Headbutt          |    18 |    21 |    39 |     8 ||    86
       Flail             |       |       |   145 |    35 ||   180
Invok: Berserk           |       |     1 |     4 |     1 ||     6
  Use: Potion            |       |       |     1 |     5 ||     6
       Scroll            |       |       |     1 |     3 ||     4
  Eat: Chunk             |     3 |     4 |    11 |     1 ||    19
Armor: Animal skin       |     1 |       |       |       ||     1
       Chain mail        |     7 |       |       |       ||     7
       Ring mail         |     5 |       |       |       ||     5
       Plate armour      |    30 |    69 |   149 |    55 ||   303
Dodge: Dodged            |    38 |    53 |    62 |    52 ||   205

Table legend:
 A = Non-vault XP
 B = Vault XP
 C = Vault XP percentage of total XP
 D = Non-vault monster count
 E = Vault monster count
 F = Vault count percentage of total count
                 A         B        C        D         E       F
            +---------+---------+-------+---------+---------+-------
      Total |    2859 |    4009 |  58.4 |     110 |      52 |  32.1
            +---------+---------+-------+---------+---------+-------
        D:1 |      45 |       0 |   0.0 |      19 |       0 |   0.0
        D:2 |      22 |       0 |   0.0 |       9 |       0 |   0.0
        D:3 |     138 |     120 |  46.5 |      22 |       2 |   8.3
        D:4 |     295 |      16 |   5.1 |      13 |       6 |  31.6
        D:5 |    1028 |     182 |  15.0 |      29 |       4 |  12.1
        D:6 |    1080 |     943 |  46.6 |      16 |       5 |  23.8
        D:7 |     251 |    2436 |  90.7 |       2 |      11 |  84.6
      Sewer |       0 |     312 | 100.0 |       0 |      24 | 100.0
            +---------+---------+-------+---------+---------+-------
